 Dungeon Crawl Stone Soup version 0.18-a0-1484-g95ebbe1 (webtiles) character file.

1054 CopycatKevin the Ruffian (level 8, -5/78 HPs)
             Began as a Troll Fighter on Mar 2, 2016.
             Slain by an eight-headed hydra (18 damage)
             ... on level 6 of the Dungeon.
             The game lasted 00:14:56 (2803 turns).

CopycatKevin the Ruffian (Troll Fighter)            Turns: 2803, Time: 00:15:06

Health: -5/78      AC:  5    Str: 32    XL:     8   Next: 5%
Magic:  7/7        EV:  9    Int:  4    God:
Gold:   295        SH: 10    Dex:  9    Spells: 0 memorised, 7 levels left

rFire  . . .     SeeInvis .       - Unarmed
rCold  . . .     Gourm    +     k - +0 robe
rNeg   . . .     Faith    .     b - +0 shield
rPois  .         Spirit   .     (helmet restricted)
rElec  .         Dismiss  .     (no cloak)
rCorr  +         Reflect  .     (gloves unavailable)
SustAt .         Harm     .     (boots unavailable)
MR     .....                    (no amulet)
Stlth  +.........               B - ring of resist corrosion
                                p - ring of flight

@: mighty, not resistant to hostile enchantments, very unstealthy
A: unfitting armour, claws 3, fast metabolism 3, gourmand, regeneration 2,
shaggy fur 1, tough skin 2
a: Evoke Flight


You were on level 6 of the Dungeon.
You were very full.

You visited 1 branch of the dungeon, and saw 5 of its levels.

You collected 295 gold pieces.

Inventory:

Missiles
 l - 7 exploding tomahawks (quivered)
Armour
 b - a +0 shield (worn)
 k - a +0 robe (worn)
Jewellery
 p - a ring of flight (left claw)
 z - an uncursed amulet of dismissal
 B - a ring of resist corrosion (right claw)
Wands
 m - a wand of lightning (3/15)
 s - a wand of flame (14/48)
 A - a wand of polymorph (3/24)
Scrolls
 o - 2 scrolls of identify
 t - a scroll of teleportation {unknown}
 u - a scroll of remove curse {unknown}
 v - 2 scrolls of random uselessness {unknown}
 w - a scroll of enchant weapon {unknown}
 y - a scroll of enchant armour {unknown}
Potions
 a - a potion of flight {unknown}
 e - a potion of heal wounds
 f - 3 potions of curing {unknown}
 h - 4 potions of degeneration {unknown}
 j - a potion of mutation {unknown}
 n - 2 potions of berserk rage {unknown}
 q - a potion of brilliance {unknown}
 r - a potion of ambrosia {unknown}
 x - a potion of agility
Comestibles
 d - 5 bread rations
 g - a meat ration
 i - 6 fruits


   Skills:
 + Level 3.9 Fighting
 + Level 4.5 Dodging
 + Level 1.0 Stealth
 + Level 3.6 Shields
 * Level 6.3 Unarmed Combat
 + Level 0.4 Evocations


You had 7 spell levels left.
You didn't know any spells.

Dungeon Overview and Level Annotations

Branches:
Dungeon (6/15)
 Temple: D:4-7

Altars:
Gozag
Kikubaaqudgha
Nemelex Xobeh
Pakellas
Qazlal


Innate Abilities, Weirdness & Mutations

You are too large for most types of armour.
You have claws for hands.
Your metabolism is lightning-fast.
You like to eat raw meat.
You heal very quickly.
You are covered in fur (AC +1).
You have very tough skin (AC +2).


Message History

* * * LOW HITPOINT WARNING * * *
Okay, then.
Okay, then.
Drink which item? (? for menu, Esc to quit)
You feel much better. The eight-headed hydra bites you.
You block the eight-headed hydra's attack.
The eight-headed hydra closely misses you.
The eight-headed hydra bites you!
You block the eight-headed hydra's attack. x2
The eight-headed hydra bites you.
The eight-headed hydra barely misses you.
Drink which item? (? for menu, Esc to quit)
You feel very mighty all of a sudden.
The eight-headed hydra barely misses you.
You block the eight-headed hydra's attack.
The eight-headed hydra bites you!
* * * LOW HITPOINT WARNING * * *
The eight-headed hydra barely misses you.
The eight-headed hydra bites you!!
You die...

##. ..>.......# ..P.
#.........#
.P.##.=.......#
...#.........#
#...........#
#..........#
#..........#
#.....@D...#
#..........#
##.###..#####
##......## #...#####
.......#.# ########
###.####.###......##
.. #.##........##
... #.#..........#


You could see an eight-headed hydra.

Vanquished Creatures
  Grinder (D:5)
  Sigmund (D:5)
  2 ogres (D:5)
  A centaur (D:5)
  A howler monkey (D:5)
  2 crimson imps
  A quasit (D:5)
  Crazy Yiuf (D:2)
  Terence (D:3)
  3 orc wizards
  A worker ant (D:6)
  8 gnolls
  2 adders (D:2)
  A shadow imp (D:5)
  An ooze (D:2)
  An adder skeleton (D:5)
  2 worms (D:2)
  A dart slug (D:3)
  2 giant geckos
  5 orcs
  3 bats
  2 giant cockroaches
  4 goblins (D:1)
  4 hobgoblins
  5 jackals
  3 kobolds
  2 quokkas
  3 ball pythons
  3 giant newts
  2 rats
  2 plants (D:5)
71 creatures vanquished.

Notes
Turn   | Place    | Note
--------------------------------------------------------------
     0 | D:1      | CopycatKevin the Troll Fighter began the quest for the Orb.
     0 | D:1      | Reached XP level 1. HP: 22/22 MP: 0/0
   304 | D:1      | Reached XP level 2. HP: 29/29 MP: 1/1
   732 | D:2      | Reached XP level 3. HP: 34/36 MP: 2/2
   974 | D:2      | Found a sparkling altar of Nemelex Xobeh.
   989 | D:2      | Reached XP level 4. HP: 30/45 MP: 3/3
   993 | D:2      | Upgraded the game from 0.18-a0-1473-g3609211 to 0.18-a0-1481-g708b138
  1108 | D:2      | Found an oddly glowing altar of Pakellas.
  1164 | D:2      | Noticed Crazy Yiuf
  1172 | D:2      | Killed Crazy Yiuf
  1205 | D:2      | Reached skill level 3 in Unarmed Combat
  1212 | D:2      | Found an opulent altar of Gozag.
  1220 | D:2      | Found a stormy altar of Qazlal.
  1385 | D:3      | Reached XP level 5. HP: 53/53 MP: 4/4
  1545 | D:3      | Found an ancient bone altar of Kikubaaqudgha.
  1701 | D:3      | Noticed Terence
  1714 | D:3      | Killed Terence
  1773 | D:3      | You fall through a shaft for 2 floors!
  1773 | D:5      | Entered Level 5 of the Dungeon
  1773 | D:5      | Noticed a centaur
  1777 | D:5      | Killed a centaur
  1777 | D:5      | Reached skill level 4 in Unarmed Combat
  1777 | D:5      | Reached XP level 6. HP: 61/61 MP: 5/5
  2232 | D:5      | Reached XP level 7. HP: 65/67 MP: 6/6
  2283 | D:5      | Noticed Sigmund
  2286 | D:5      | Noticed Grinder
  2306 | D:5      | Killed Sigmund
  2306 | D:5      | Reached skill level 5 in Unarmed Combat
  2314 | D:5      | Killed Grinder
  2320 | D:5      | Upgraded the game from 0.18-a0-1481-g708b138 to 0.18-a0-1484-g95ebbe1
  2356 | D:5      | Reached skill level 1 in Stealth
  2356 | D:5      | Reached skill level 6 in Unarmed Combat
  2767 | D:6      | Reached XP level 8. HP: 71/78 MP: 7/7
  2798 | D:6      | Noticed an eight-headed hydra
  2803 | D:6      | Slain by an eight-headed hydra

Vault maps used:
D:1:      minmay_arrival_diagonal_passages
D:2:      nemelex_xobeh_ov_fountains_minmay, minitemple, first_bread,
          grunt_pakellas_basics, uniq_crazy_yiuf_cottage
D:3:      nicolae_overflow_crystal_walls, uniq_terence
D:5:      hangedman_decor_peaks_small, serial_bayou_lake_a, uniq_sigmund,
          uniq_grinder
D:6:      minmay_temple_entry_overgrown

Skill      XL: |  1  2  3  4  5  6  7 |
---------------+----------------------+-----
Fighting       | 3 |  3.9
Dodging        | 3 4 |  4.5
Unarmed Combat | 3 4 6 |  6.3
Shields        | 3 |  3.6
Stealth        | 1 |  1.0
Evocations     | |  0.4

Action                   |  1- 3 |  4- 6 |  7- 9 || total
-------------------------+-------+-------+-------++-------
Melee: Unarmed           |    70 |   134 |    57 ||   261
Evoke: Wand              |       |       |     3 ||     3
  Use: Scroll            |     4 |       |       ||     4
       Potion            |       |       |     3 ||     3
 Stab: Sleeping          |     1 |     1 |       ||     2
  Eat: Chunk             |    14 |    12 |     5 ||    31
